 Dungeon Crawl Stone Soup version 0.27-a0-909-g0721f309d1 (webtiles) character file.

Game seed: 7140797386406218042

41 Alarkh the Insei (level 3, -1/28 HPs)
             Began as a Demonspawn Gladiator on Apr 8, 2021.
             Slain by a gnoll
             ... wielding a +0 flail
              (13 damage)
             ... on level 2 of the Dungeon.
             The game lasted 00:00:54 (1679 turns).

Alarkh the Insei (Demonspawn Gladiator)             Turns: 1679, Time: 00:00:55

Health: -1/28      AC:  5    Str: 14    XL:     3   Next: 32%
Magic:  3/3        EV: 12    Int: 10    God:
Gold:   89         SH:  0    Dex: 14    Spells: 2/2 levels left

rFire    . . .     SeeInvis .     - Unarmed
rCold    . . .     Faith    .   (no shield)
rNeg     . . .     Spirit   .   a - +0 leather armour
rPois    .         Reflect  .   b - +0 helmet
rElec    .         Harm     .   (no cloak)
rCorr    .         Rampage  .   (no gloves)
Will     .....                  (no boots)
Stlth    +.........             (no amulet)
HPRegen  0.09/turn              (no ring)
MPRegen  0.08/turn              (no ring)

@: no status effects
A: sharp scales 1
a: no special abilities


You were on level 2 of the Dungeon.
You visited 1 branch of the dungeon, and saw 3 of its levels.

You collected 89 gold pieces.

Inventory:

Missiles
 c - 6 throwing nets (quivered)
Armour
 a - a +0 leather armour (worn)
 b - a +0 helmet (worn)
Scrolls
 e - a scroll of fog {unknown}
 g - a scroll of enchant armour {unknown}
 i - a scroll of torment {unknown}
 k - a scroll of amnesia {unknown}
Potions
 d - 2 potions of curing {unknown}
 f - a potion of ambrosia {unknown}
 h - a potion of lignification {unknown}
 j - 2 potions of flight {unknown}


   Skills:
 + Level 2.6 Fighting
 - Level 1.7 Throwing
 - Level 2.6 Dodging
 * Level 3.6 Unarmed Combat


You had 2 spell levels left.
You didn't know any spells.
Your spell library contained the following spells:

 Spells                   Type           Power      Damage    Failure   Level
 Magic Dart               Conj           0%         1d3       43%         1
 Blink                    Tloc           N/A        N/A       58%         2
 Call Imp                 Summ           0%         N/A       58%         2
 Slow                     Hex            0%         N/A       58%         2
 Conjure Flame            Conj/Fire      0%         6-21      82%         3
 Mephitic Cloud           Conj/Pois/Air  0%         N/A       82%         3


Dungeon Overview and Level Annotations

Branches:
Dungeon (3/15)

Altars:


Innate Abilities, Weirdness & Mutations

You are partially covered in razor-sharp scales. (AC +1, Slay +1)


Message History

No target in view!
No target in view!
HP restored.
An endoplasm comes into view.
An endoplasm is nearby!
An endoplasm is nearby!
A gnoll comes into view. It is wielding a +0 flail.
The endoplasm quivers.
The gnoll shouts!
A gnoll comes into view. It is wielding a +0 flail.
A quokka comes into view.
A gnoll comes into view. It is wielding a +0 club.
A gnoll sergeant comes into view.
It is wielding a +2 trident of holy wrath.
A gnoll comes into view. It is wielding a +0 flail.
The gnoll sergeant shouts!
The gnoll shouts! x3; You hear a shout!
A gnoll comes into view. It is wielding a +0 spear.
The gnoll shouts!
You hit the endoplasm.
The endoplasm is moderately wounded.
The endoplasm freezes you.
You are frozen.
A hobgoblin comes into view.
You hit the endoplasm.
The endoplasm is severely wounded.
The gnoll barely misses you.
The endoplasm hits you but does no damage.
You hit the endoplasm. You punch the endoplasm.
You kill the endoplasm!
The gnoll hits you with a +0 flail.
The quokka bites you but does no damage.
You completely miss the gnoll.
The gnoll sergeant hits you from afar with a +2 trident of holy wrath!
You convulse.
The quokka bites you.
You are too injured to fight recklessly!
You are too injured to fight recklessly!
You are too injured to fight recklessly!
You are too injured to fight recklessly!
You are too injured to fight recklessly!
The gnoll hits you with a +0 flail!
You die...

#####......#######
#.......##........
+.......##........ ..#
#.......##........ ..##
#.......##.#######.....#
#.......##.......#.....#
#.......########.#.....#
#.......# ##.#......
#......@#######.........
#....gg..........##.....
#.....gr#######.#......#
#......g# #.........
#..g...gg ###.#....#
......... ...#.#+##
.......... ########.#
.......... +...>....#
...........##########


You could see a gnoll sergeant, 5 gnolls, a quokka and a hobgoblin.

Vanquished Creatures
  A worm (D:2)
  A dart slug (D:2)
  3 bats
  6 endoplasms
  2 giant cockroaches (D:1)
  2 goblins
  3 hobgoblins (D:1)
  2 kobolds (D:1)
  A quokka (D:1)
  4 ball pythons
  2 frilled lizards (D:1)
  5 rats
32 creatures vanquished.

Notes
Turn   | Place    | Note
-------+----------+-------------------------------------------
     0 | D:1      | Alarkh the Demonspawn Gladiator began the quest for the
                  | Orb.
     0 | D:1      | Reached XP level 1. HP: 16/16 MP: 1/1
   307 | D:1      | Reached skill level 3 in Unarmed Combat
   318 | D:1      | Gained mutation: You are partially covered in razor-sharp
                  | scales. (AC +1, Slay +1) [demonic ancestry]
   318 | D:1      | Reached XP level 2. HP: 20/22 MP: 2/2
   793 | D:1      | Found a faded altar of an unknown god.
  1185 | D:2      | Reached XP level 3. HP: 26/28 MP: 3/3
  1673 | D:2      | Noticed a gnoll sergeant
  1679 | D:2      | Slain by a gnoll

Illustrated notes

Levels and vault maps discovered:
D:1:      wander_arrival_peaceful_grave, layout_basic,
          shapermc_ecumenical_altar_notcrosses, hex_tiny
D:2:      layout_basic, basic_altar, minmay_tetromino_s2
D:3:      layout_basic

Skill      XL: |  1 |
---------------+----+-----
Unarmed Combat | 3 |  3.6
Fighting       | |  2.6
Throwing       | |  1.7
Dodging        | |  2.6

Action                   || total
-------------------------++-------
Melee: Unarmed           ||   111
       Punch             ||     2
 Stab: Sleeping          ||     1
Armor: Leather armour    ||    26
Dodge: Dodged            ||    69

Table legend: (Time is in decaauts)
 A = Elapsed time spent in this place.
 B = Non-inter-level travel time spent in this place.
 C = Inter-level travel time spent in this place.
 D = Time resting spent in this place.
 E = Time spent auto-exploring this place.
 F = Levels seen in this place.
 G = Mean time per level.
                   A        B        C        D        E       F      G
               +--------+--------+--------+--------+--------+-----+--------+
         Total |   1673 |   1599 |     74 |    112 |   1290 |   3 |  557.7 |
       Dungeon |   1673 |   1599 |     74 |    112 |   1290 |   3 |  557.7 |
               +--------+--------+--------+--------+--------+-----+--------+

Top non-repeatable levels by time:
     D:1: 908 daAuts
     D:2: 685 daAuts
     D:3: 79 daAuts
